 Dungeon Crawl Stone Soup version 0.31.0-1-g2c135a008e (webtiles) character file.

Game seed: 7336276312771806394

44 Peloso the Trooper (level 3, 0/3 HPs)
             Began as a Minotaur Fighter on Jan 20, 2024.
             Slain by a bat (1 damage)
             ... on level 2 of the Dungeon.
             The game lasted 00:02:29 (944 turns).

Peloso the Trooper (Minotaur Fighter)                Turns: 944, Time: 00:02:29

Health: 0/3        AC:  1    Str: 20    XL:     3   Next: 41%
Magic:  2/2        EV:  8    Int:  5    God:
Gold:   41         SH:  0    Dex: 11    Spells: 2/2 levels left

rFire   . . .        a - melded +0 long sword
rCold   . . .        d - melded +0 buckler
rNeg    . . .        c - +0 chain mail
rPois   .            (helmet restricted)
rElec   .            (no cloak)
rCorr   .            (gloves currently unavailable)
SInv    .            (no boots)
Will    .....        (no amulet) Stlth
                     g - ring of flight
HPRegen 0.20/turn    (no ring)
MPRegen 0.08/turn

%: no passive effects
@: blade hands, flying
A: reduced hp, horns 2, retaliatory headbutt
a: Begin Untransformation


You were on level 2 of the Dungeon.
You had blades for hands.
You visited 1 branch of the dungeon, and saw 2 of its levels.

You collected 41 gold pieces.

Inventory:

Hand Weapons
 a - a +0 long sword (melded)
Armour
 b - a +0 scale mail
 c - a +0 chain mail (worn)
 d - a +0 buckler (melded)
Jewellery
 g - a ring of flight (left blade hand)
Talismans
 j - a blade talisman (active)
Scrolls
 i - a scroll of fog {unknown}
Potions
 e - a potion of might
 f - a potion of haste {unknown}
 h - a potion of mutation {unknown}


   Skills:
 + Level 4.2 Fighting
 + Level 2.9 Long Blades
 + Level 4.2 Armour
 + Level 0.1 Dodging
 + Level 4.1 Shields


You had 2 spell levels left.
You didn't know any spells.
Your spell library contained the following spells:

 Spells                   Type           Power      Damage    Failure   Level
 Call Imp                 Summ           0%         N/A       99%         2
 Sublimation of Blood     Necr           0%         N/A       99%         2
 Summon Hydra             Summ           0%         N/A       100%        7


Dungeon Overview and Level Annotations

Branches:
Dungeon (2/15)

Altars:


Innate Abilities, Weirdness & Mutations

You have blades for hands.
Your maximum health is decreased, since you lack skill for your form.
You are incapable of wielding weapons or throwing items.
You have a pair of horns on your head.
You reflexively headbutt those who attack you in melee.


Message History

You see here a rat corpse.
Things that are here:
a +0 short sword; a +0 chain mail; the human corpse of Terence A ball python comes into view.
A ball python is nearby!
A ball python is nearby!
The ball python hisses angrily.
The ball python barely misses you. You block the ball python's attack.
You barely miss the ball python. The ball python closely misses you.
The ball python grabs you. The ball python constricts you.
The ball python bites you but does no damage.
The ball python constricts you.
You slash the ball python!
You kill the ball python!
A hobgoblin comes into view.
The hobgoblin shouts!
A hobgoblin is nearby!
A hobgoblin is nearby!
Sorry, you're not good enough to have a special ability.
Unknown command.
A hobgoblin is nearby!
Okay, then.
A hobgoblin is nearby!
You begin transforming.
You continue transforming.
You block the hobgoblin's attack.
You continue transforming.
The hobgoblin hits you.
You continue transforming.
The hobgoblin hits you but does no damage.
Your hands turn into razor-sharp scythe blades.
Your +0 long sword melds into your body.
Your +0 buckler melds into your body.
You hit the hobgoblin.
The hobgoblin is heavily wounded.
The hobgoblin hits you.
Ouch! That really hurt!
You hit the hobgoblin. You headbutt the hobgoblin.
You kill the hobgoblin!
The bat hits you.
You die...

#.##....#
#######......# #
#......†##.#.###.#
#.......)........#
#..###..##....####
#..# #..####..#
#..###........#
#.......#####.#
#@......# #.#
#b##.....# #.#
#.#####..# #.# ...
.# #.## ##..
..####..## #.##
..........## #.#
#.####.....# ...
##.......
#........


You could see a bat.

Vanquished Creatures
  Terence (D:2)
  A dart slug (D:2)
  4 ball pythons
  2 endoplasms
  A giant cockroach (D:1)
  2 goblins (D:1)
  2 hobgoblins
  A kobold (D:1)
  2 quokkas (D:1)
  A bat (D:1)
  2 rats
19 creatures vanquished.

Notes
Turn   | Place    | Note
-------+----------+-------------------------------------------
     0 | D:1      | Peloso the Minotaur Fighter began the quest for the Orb.
     0 | D:1      | Reached XP level 1. HP: 19/19 MP: 0/0
   216 | D:1      | Found a faded altar of an unknown god.
   233 | D:1      | Reached XP level 2. HP: 23/27 MP: 1/1
   852 | D:2      | Noticed Terence
   863 | D:2      | Killed Terence
   864 | D:2      | Reached XP level 3. HP: 15/33 MP: 2/2
   944 | D:2      | Slain by a bat

Illustrated notes

Levels and vault maps discovered:
D:1:      dpeg_arrival_chambers_temple_mockup, layout_loops_ring,
          nicolae_ecumenical_snake_handling
D:2:      layout_loops_cross, serial_shops, shop, uniq_terence, uniq_jessica,
          uniq_sigmund

Skill      XL: |  1  2 |
---------------+-------+-----
Armour         | 4 |  4.2
Shields        | 4 |  4.1
Fighting       | 4 |  4.2
Long Blades    | |  2.9
Dodging        | |  0.1

Action                     || total
---------------------------++-------
  Melee: Long sword        ||    45
         Headbutt          ||     9
         Unarmed           ||     2
 Armour: Scale mail        ||    24
         Chain mail        ||    18
  Dodge: Dodged            ||    23
  Block: Buckler           ||    16
   Form: Blade             ||     1
